 Dungeon Crawl Stone Soup version 0.21.1-1-g345015f (webtiles) character file.

2510 keltmir the Arsonist (level 9, -6/45 HPs)
             Began as a Deep Elf Fire Elementalist on Mar 22, 2018.
             Was a Follower of Vehumet.
             Mangled by a hippogriff (8 damage)
             ... on level 7 of the Dungeon.
             The game lasted 00:55:04 (11333 turns).

keltmir the Arsonist (Deep Elf Fire Elementalist)  Turns: 11333, Time: 00:55:05

Health: -6/45      AC:  6    Str:  5    XL:     9   Next: 28%
Magic:  3/22       EV: 17    Int: 29    God:    Vehumet [*.....]
Gold:   311        SH:  0    Dex: 15    Spells: 11/23 levels left

rFire    . . .     SeeInvis .   o - +4 quarterstaff (chaos)
rCold    . . .     Gourm    .   (shield currently unavailable)
rNeg     . . .     Faith    .   a - +1 robe
rPois    .         Spirit   .   (no helmet)
rElec    .         Reflect  .   s - +1 cloak {MR+}
rCorr    .         Harm     .   (no gloves)
MR       +....                  m - +0 pair of boots
Stlth    ++++......             (no amulet)
HPRegen  0.15/turn              l - +5 ring of intelligence
MPRegen  0.18/turn              (no ring)

@: no status effects
A: no striking features
a: Renounce Religion


You were on level 7 of the Dungeon.
You worshipped Vehumet.
Vehumet was aware of your devotion.
You were not hungry.

You visited 2 branches of the dungeon, and saw 9 of its levels.

You collected 311 gold pieces.

Inventory:

Hand Weapons
 g - a +0 dagger
 o - a +4 quarterstaff of chaos (weapon)
 t - a +2 vampiric dagger
Armour
 a - a +1 robe (worn)
 m - a +0 pair of boots (worn)
 s - a +1 cloak of magic resistance (worn)
 u - a +0 animal skin
Jewellery
 l - a +5 ring of intelligence (left hand)
Wands
 A - a wand of iceblast (4)
 B - a wand of polymorph (18)
Scrolls
 d - 6 scrolls of teleportation
 f - 5 scrolls of identify
 h - a scroll of immolation
 j - 5 scrolls of remove curse
 k - 2 scrolls of amnesia
 q - a scroll of magic mapping {unknown}
 v - a scroll of enchant armour
 y - a scroll of fear {unknown}
Potions
 e - 5 potions of might
 i - 2 potions of curing
 n - 2 potions of mutation
 p - 3 potions of agility
 x - a potion of brilliance
Books
 b - a book of Flames

   Spells                             Type                      Level
   a - Flame Tongue                   Conjuration/Fire             1
   b - Throw Flame                    Conjuration/Fire             2
   c - Conjure Flame                  Conjuration/Fire             3
   d - Inner Flame                    Hexes/Fire                   3
   e - Sticky Flame                   Conjuration/Fire             4
   f - Fireball                       Conjuration/Fire             5
 r - a book of Cantrips

   Spells                             Type                      Level
   a - Confusing Touch                Hexes                        1
   b - Animate Skeleton               Necromancy                   1
   c - Summon Small Mammal            Summoning                    1
   d - Apportation                    Translocation                1
Comestibles
 c - 12 rations


   Skills:
 + Level 7.1 Dodging
 + Level 7.6 Stealth
 + Level 7.8 Spellcasting
 - Level 1.8 Conjurations
 * Level 9.3 Fire Magic


You had 11 spell levels left.
You knew the following spells:

 Your Spells              Type           Power        Failure   Level  Hunger
a - Flame Tongue          Conj/Fire      #####        1%          1    None
b - Throw Flame           Conj/Fire      #####.       1%          2    None
c - Conjure Flame         Conj/Fire      #####...     1%          3    None
d - Summon Small Mammal   Summ           ##..         4%          1    None
e - Fireball              Conj/Fire      #####.....   13%         5    ####...


Dungeon Overview and Level Annotations

Branches:
Dungeon (8/15)             Temple (1/1) D:5
   Lair: D:8-11

Altars:
Ashenzari
Cheibriados
Dithmenos
Elyvilon
Fedhas
Gozag
Hepliaklqana
Kikubaaqudgha
Makhleb
Nemelex Xobeh
Okawaru
Qazlal
Ru
Sif Muna
Trog
Uskayaw
Vehumet
Wu Jian
Xom
Yredelemnul
Zin
The Shining One

Shops:
D:4 =   D:7 =*:%*


Message History

Unknown command.
Casting: Throw Flame
Confirm with . or Enter, or press ? or * to list all spells.
Aiming: Throw Flame
Press: ? - help, Shift-Dir - straight line, f/p - hippogriff
Aim: a hippogriff (severely wounded)
The puff of flame hits the hippogriff.
The hippogriff is almost dead.
The hippogriff barely misses you. x2; The hippogriff closely misses you.
Casting: Throw Flame
Confirm with . or Enter, or press ? or * to list all spells.
Aiming: Throw Flame
Press: ? - help, Shift-Dir - straight line, f/p - hippogriff
Aim: a hippogriff (almost dead)
The puff of flame hits the hippogriff.
The hippogriff is almost dead.
The hippogriff bites you!
* * * LOW HITPOINT WARNING * * *
The hippogriff pecks you!
You die...

#..................#....#......
#..................#....#####..
#..####..##........#....#..####
#..####...#........#....').#...
#..^..##[..##......#....#..#...
#...###.....###....#....#..'...
#.###....♣....###).#....####...
####............H#÷.#...........
#..#.>...###...@.#..#...........
#..#...###(###...#..#...........
#..#####.....#####..#...........
#.....#.....##..##..#.∩...<.....
#...........##..##..#...........
#...........#....[..#...........
#....)......#.......#....#######
#..)........#...##..#...)'......
#...........#...##..#....#......


You could see a hippogriff.

Vanquished Creatures
  Sigmund (D:3)
  An orc warrior (D:7)
  5 ogres
  2 centaurs (D:6)
  3 bullfrogs
  2 scorpions (D:7)
  3 wights (D:7)
  A centaur zombie (D:6)
  4 crimson imps
  2 hounds
  Crazy Yiuf (D:4)
  6 orc priests
  An iron imp (D:6)
  12 orc wizards
  2 centaur skeletons
  Natasha (twice) (D:3 D:2)
  An iguana (D:5)
  7 worker ants
  A hound zombie (D:5)
  Robin (D:3)
  4 adders
  An ooze (D:1)
  An adder skeleton (D:5)
  A worm (D:4)
  2 dart slugs (D:1)
  4 leopard geckos
  10 orcs
  4 ball pythons
  7 giant cockroaches
  13 goblins
  10 hobgoblins
  7 jackals
  6 kobolds
  6 quokkas
  9 bats
  3 frilled lizards
  A leopard gecko skeleton (D:5)
  A leopard gecko zombie (D:7)
  4 rats
152 creatures vanquished.

Vanquished Creatures (collateral kills)
  A crimson imp (D:7)
1 creature vanquished.

Grand Total: 153 creatures vanquished

Notes
Turn   | Place    | Note
-------+----------+-------------------------------------------
     0 | D:1      | keltmir the Deep Elf Fire Elementalist began the quest for the Orb.
     0 | D:1      | Reached XP level 1. HP: 10/10 MP: 6/6
   174 | D:1      | Reached XP level 2. HP: 6/15 MP: 1/8
   842 | D:1      | Learned a level 2 spell: Throw Flame
   960 | D:1      | Reached XP level 3. HP: 18/19 MP: 5/9
  1323 | D:2      | Reached skill level 4 in Fire Magic
  1367 | D:2      | Learned a level 3 spell: Conjure Flame
  2132 | D:2      | Found a faded altar of an unknown god.
  2209 | D:3      | Found a deep blue altar of Sif Muna.
  2235 | D:3      | Noticed Robin
  2246 | D:3      | Reached XP level 4. HP: 24/24 MP: 0/11
  2339 | D:3      | Killed Robin
  2603 | D:3      | Noticed Sigmund
  2811 | D:3      | Noticed Natasha
  2814 | D:3      | Killed Natasha
  3158 | D:3      | Noticed Natasha
  3568 | D:2      | Killed Natasha
  3568 | D:2      | Reached XP level 5. HP: 9/28 MP: 5/13
  3825 | D:3      | Killed Sigmund
  3825 | D:3      | Reached skill level 5 in Fire Magic
  3825 | D:3      | Reached XP level 6. HP: 32/32 MP: 1/14
  4180 | D:3      | Found a glowing silver altar of Zin.
  4350 | D:4      | Found Tyiwn's Jewellery Emporium.
  4456 | D:4      | Found a runed door.
  4578 | D:4      | Reached skill level 5 in Spellcasting
  4578 | D:4      | Reached skill level 6 in Fire Magic
  4772 | D:4      | Reached XP level 7. HP: 27/36 MP: 3/16
  5467 | D:4      | Noticed Crazy Yiuf
  5473 | D:4      | Killed Crazy Yiuf
  5631 | D:5      | Entered Level 5 of the Dungeon
  5638 | D:5      | Found a bloodstained altar of Trog.
  6233 | D:4      | Reached skill level 5 in Stealth
  6379 | D:4      | Learned a level 1 spell: Summon Small Mammal
  6394 | D:5      | Reached skill level 5 in Dodging
  6407 | D:5      | Found a staircase to the Ecumenical Temple.
  6412 | Temple   | Entered the Ecumenical Temple
  6488 | Temple   | Became a worshipper of Vehumet
  6595 | D:5      | Found a hide-covered altar of Uskayaw.
  6848 | D:5      | Found a burning altar of Makhleb.
  7178 | D:6      | Reached skill level 7 in Fire Magic
  7289 | D:6      | Reached XP level 8. HP: 41/41 MP: 10/19
  7294 | D:6      | Found an iron altar of Okawaru.
  7302 | D:6      | Found an ornate altar of the Wu Jian Council.
  8042 | D:6      | Found a snail-covered altar of Cheibriados.
  8449 | D:6      | Found a sacrificial altar of Ru.
  8454 | D:6      | Found a basalt altar of Yredelemnul.
  8542 | D:7      | Found Cusk's General Store.
  8611 | D:7      | Reached skill level 8 in Fire Magic
  8689 | D:7      | Found Xyn Ytz's Book Shop.
  9122 | D:7      | Reached * piety under Vehumet
  9122 | D:7      | Offered knowledge of Sting by Vehumet.
  9156 | D:7      | Found Aduik's Jewellery Emporium.
  9838 | D:7      | Learned a level 5 spell: Fireball
 10179 | D:7      | Reached XP level 9. HP: 45/45 MP: 12/22
 10575 | D:7      | Reached skill level 9 in Fire Magic
 11087 | D:7      | Found Nunyliurgh's General Store.
 11089 | D:7      | Found Bizeck's Food Boutique.
 11333 | D:7      | HP: 2/45 [hippogriff (11)]
 11333 | D:7      | Mangled by a hippogriff

Skill      XL: |  1  2  3  4  5  6  7  8  9 |
---------------+----------------------------+-----
Fire Magic     | 4 5 6 7 8 9 |  9.3
Dodging        | 3 4 5 6 7 |  7.1
Stealth        | 3 4 5 7 |  7.6
Spellcasting   | 4 5 6 7 |  7.8
Conjurations   | |  1.8

Action                   |  1- 3 |  4- 6 |  7- 9 || total
-------------------------+-------+-------+-------++-------
Melee: Dagger            |    14 |     1 |       ||    15
       Unarmed           |     1 |       |       ||     1
       Quarterstaff      |       |       |    63 ||    63
 Cast: Flame Tongue      |    63 |    17 |    11 ||    91
       Throw Flame       |     9 |    58 |   229 ||   296
       Conjure Flame     |       |     3 |    12 ||    15
       Summon Small Mamm |       |       |    31 ||    31
Evoke: Wand              |       |       |     1 ||     1
  Use: Scroll            |     4 |     2 |     6 ||    12
       Potion            |       |       |     1 ||     1
 Stab: Sleeping          |     2 |       |       ||     2
       Distracted        |       |       |     1 ||     1
  Eat: Chunk             |     4 |     5 |    20 ||    29
       Ration            |       |     1 |       ||     1
Armor: Robe              |    13 |     1 |    37 ||    51
Dodge: Dodged            |    52 |    15 |    97 ||   164
